 Dungeon Crawl Stone Soup version 0.27.1-1-g398f81649c (webtiles) character file.

Game seed: 16238203550333783847

7740 Rickety the Covert (level 11, -2/52 HPs)
             Began as a Spriggan Enchanter on Sept 16, 2021.
             Was a Priest of Dithmenos.
             Splashed by an oklob plant's acid (13 damage)
             ... on level 1 of the Lair of Beasts.
             The game lasted 00:29:53 (13374 turns).

Rickety the Covert (Spriggan Enchanter)            Turns: 13374, Time: 00:29:54

Health: -2/52      AC:  5    Str:  4    XL:     11   Next: 0%
Magic:  25/25      EV: 21    Int: 17    God:    Dithmenos [***...]
Gold:   574        SH:  0    Dex: 19    Spells: 12/28 levels left

rFire    + . .     SeeInvis +   f - +0 dagger (drain)
rCold    . . .     Faith    .   (shield restricted)
rNeg     . . .     Spirit   .   b - +0 robe
rPois    .         Reflect  .   (helmet restricted)
rElec    .         Harm     .   t - +2 cloak
rCorr    .         Rampage  .   (gloves unavailable)
Will     +....                  (boots unavailable)
Stlth    ++++++++..             (no amulet)
HPRegen  0.17/turn              m - ring of wizardry
MPRegen  0.19/turn              x - ring of protection from fire

@: wreathed by umbra, very quick
A: very small, no large weapons, unfitting armour, see invisible, speed 3
a: Renounce Religion, Shadow Step


You were on level 1 of the Lair of Beasts.
You worshipped Dithmenos.
Dithmenos was most pleased with you.
You visited 3 branches of the dungeon, and saw 10 of its levels.

You collected 574 gold pieces.

Inventory:

Hand Weapons
 a - a +1 dagger
 f - a +0 dagger of draining (weapon)
 o - a +0 dagger of draining
Missiles
 n - 25 poisoned darts (quivered)
 D - 4 curare-tipped darts
 E - a throwing net
Armour
 b - a +0 robe (worn)
 t - a +2 cloak (worn)
 G - a +0 buckler
Magical Staves
 w - a staff of air
Jewellery
 h - a ring of resist corrosion
 m - a ring of wizardry (left hand)
 s - a ring of positive energy
 x - a ring of protection from fire (right hand)
Wands
 y - a wand of acid (10)
 C - a wand of polymorph (7)
 H - a wand of digging (4)
Scrolls
 c - 3 scrolls of amnesia {unknown}
 d - 4 scrolls of teleportation {unknown}
 e - 11 scrolls of identify {unknown}
 i - 3 scrolls of magic mapping {unknown}
 A - a scroll of immolation {unknown}
 B - 2 scrolls of enchant weapon {unknown}
 F - 2 scrolls of blinking {unknown}
Potions
 g - 3 potions of might
 j - 2 potions of invisibility {unknown}
 k - 2 potions of heal wounds
 l - 2 potions of magic {unknown}
 p - a potion of flight {unknown}
 q - 2 potions of brilliance {unknown}
 r - 2 potions of curing {unknown}
 u - 2 potions of mutation {unknown}
 v - 2 potions of lignification {unknown}
 z - a potion of degeneration {unknown}


   Skills:
 * Level 3.1 Fighting
 * Level 5.2 Short Blades
 - Level 2.0 Throwing
 * Level 6.3 Dodging
 * Level 13.5 Stealth
 * Level 9.3 Spellcasting
 - Level 2.0 Conjurations
 * Level 9.2 Hexes
 - Level 2.0 Summonings
 * Level 3.5 Invocations
 * Level 4.7 Evocations


You had 12 spell levels left.
You knew the following spells:

 Your Spells              Type           Power      Damage    Failure   Level
a - Corona                Hex            43%        N/A       1%          1
b - Ensorcelled Hibernat  Hex/Ice        46%        N/A       1%          2
c - Confusing Touch       Hex            39%        N/A       1%          3
d - Dazzling Flash        Conj/Hex       54%        N/A       1%          3
g - Summon Guardian Gole  Hex/Summ       27%        N/A       1%          3
t - Tukima's Dance        Hex            39%        N/A       1%          3
u - Summon Small Mammal   Summ           56%        N/A       1%          1

Your spell library contained the following spells:

 Spells                   Type           Power      Damage    Failure   Level
 Call Canine Familiar     Summ           14%        N/A       4%          3
 Sublimation of Blood     Necr           3%         N/A       6%          2
 Summon Lightning Spire   Summ/Air       11%        N/A       24%         4
 Airstrike                Air            3%         N/A       34%         4
 Animate Dead             Necr           3%         N/A       34%         4
 Petrify                  Tmut/Erth      7%         N/A       34%         4
 Irradiate                Conj/Tmut      5%         3d15      52%         5
 Lightning Bolt           Conj/Air       5%         1d17      52%         5
 Borgnjor's Vile Clutch   Necr/Erth      3%         N/A       67%         5
 Death Channel            Necr           3%         N/A       99%         6


Dungeon Overview and Level Annotations

Branches:
Dungeon (8/15)             Temple (1/1) D:4            Lair (1/6) D:8

Altars:
Ashenzari
Cheibriados
Dithmenos
Elyvilon
Fedhas
Gozag
Hepliaklqana
Kikubaaqudgha
Makhleb
Nemelex Xobeh
Okawaru
Qazlal
Ru
Sif Muna
Trog
Uskayaw
Vehumet
Wu Jian
Xom
Yredelemnul
Zin
The Shining One

Shops:
D:1 =*   D:5 *   D:6 =   D:7 *

Annotations:
Lair:1 exclusion: oklob plant


Innate Abilities, Weirdness & Mutations

You are very small and have problems with some larger weapons.
You are too small for most types of armour.
You have supernaturally acute eyesight. (SInv)
You cover ground extremely quickly. (Speed+++)


Message History

Anything else - Cancel.
Gang up on whom?
Press: ? - help, Dir - move target, f/p - oklob plant
Aim: an oklob plant (dormant, ally target)
Okay, then.
What are your orders? t - Shout!
Orders for allies: a - Attack new target. p - Attack previous target. r - Retreat! s - Stop attacking. g - Guard the area. f - Follow me.
Anything else - Cancel.
Gang up on whom?
Press: ? - help, Dir - move target, f/p - oklob plant
Aim: an oklob plant (dormant, ally target) Attack!
An oklob plant is nearby!
You see here 20 gold pieces.
You now have 574 gold pieces (gained 20).
The oklob plant spits acid at you. The splash of acid hits you.
You are splashed with acid!
Found 10 stones.
The oklob plant spits acid at you. The splash of acid hits you!
You are splashed with acid!
What are your orders? t - Shout!
Orders for allies: a - Attack new target. p - Attack previous target. r - Retreat! s - Stop attacking. g - Guard the area. f - Follow me.
Anything else - Cancel.
Gang up on whom?
Press: ? - help, Dir - move target, f - bush, p - oklob plant
Aim: a bush Attack!
The oklob plant spits acid at you. The splash of acid misses you.
The oklob plant spits acid at you. The splash of acid hits you!
* * * LOW HITPOINT WARNING * * *
You are splashed with acid!
You die...

...##...(.....##......###......#
..#..........8.......). #P......
..$.............##..PPP ##.....#
............#+###P.8PPP(###...##
..............###...PPP.##...##
.......................###..##
..................###.###..##
.................## #.##...#
...............@## #.....##
................# ###..P#
...............# ###..###
.............†## #...##
..............###..##
...................#
..........†......###
...........##...†.#
..........###†...}#


You could see an oklob plant and a friendly guardian golem (summoned).

Vanquished Creatures
  2 hydras (Lair:1)
  A hornet (D:8)
  4 blink frogs (Lair:1)
  9 yaks
  2 basilisks (Lair:1)
  Grum (D:8)
  An acid dragon (D:8)
  Duvessa (D:4)
  A water moccasin (D:7)
  2 black bears (D:8)
  2 orc warriors (D:8)
  2 ice beasts
  A hornet zombie (D:7)
  An ogre (D:6)
  A centaur (D:5)
  6 wolves
  A phantom (D:6)
  A kobold brigand (D:3)
  Blork the orc (D:5)
  2 bullfrogs (Lair:1)
  A wyvern zombie (D:5)
  A gnoll sergeant (D:8)
  4 scorpions
  Dowan (D:4)
  5 killer bees (D:7)
  A centaur zombie (D:8)
  A bullfrog skeleton (D:7)
  A centaur skeleton (D:5)
  2 jellies
  2 orc priests
  Crazy Yiuf (D:5)
  4 hounds
  An iguana (D:5)
  A gnoll shaman (D:7)
  5 orc wizards
  Natasha (thrice) (D:4)
  A hound skeleton (D:5)
  10 gnolls
  2 howler monkey skeletons
  6 adders
  3 worms
  A dart slug (D:2)
  17 orcs
  2 ball pythons
  6 endoplasms
  3 giant cockroaches
  12 goblins
  6 hobgoblins
  8 jackals
  4 quokkas
  3 bats
  3 frilled lizards
  13 kobolds
  8 rats
184 creatures vanquished.

Vanquished Creatures (collateral kills)
  2 orc warriors (D:8)
  An ogre (D:4)
  A hound (D:6)
  2 orc priests (D:8)
  An orc wizard (D:8)
  14 gnolls
  7 orcs
  3 kobolds (D:3)
31 creatures vanquished.

Vanquished Creatures (others)
  10 dancing weapons
  13 fungi
  15 plants (D:8)
38 creatures vanquished.

Grand Total: 253 creatures vanquished

Notes
Turn   | Place    | Note
-------+----------+-------------------------------------------
     0 | D:1      | Rickety the Spriggan Enchanter began the quest for the Orb.
     0 | D:1      | Reached XP level 1. HP: 9/9 MP: 5/5
   192 | D:1      | Reached skill level 5 in Stealth
   195 | D:1      | Found Disooj Woli's Assorted Antiques.
   214 | D:1      | Reached XP level 2. HP: 6/13 MP: 4/6
   221 | D:1      | Learned a level 2 spell: Ensorcelled Hibernation
   919 | D:1      | Found Gejul's Jewellery Shoppe.
  1230 | D:2      | Reached XP level 3. HP: 16/16 MP: 2/8
  1234 | D:2      | Learned a level 3 spell: Confusing Touch
  1459 | D:2      | Reached skill level 6 in Stealth
  1582 | D:2      | Reached XP level 4. HP: 21/21 MP: 2/9
  1589 | D:2      | Learned a level 3 spell: Tukima's Dance
  2934 | D:3      | Reached skill level 7 in Stealth
  2934 | D:3      | Reached XP level 5. HP: 24/24 MP: 1/10
  3648 | D:3      | Reached skill level 5 in Hexes
  4484 | D:3      | Reached skill level 8 in Stealth
  4484 | D:3      | Reached XP level 6. HP: 29/29 MP: 12/12
  4668 | D:4      | Found a staircase to the Ecumenical Temple.
  4687 | Temple   | Entered the Ecumenical Temple
  4692 | Temple   | Became a worshipper of Dithmenos the Shadowed
  5432 | D:4      | Noticed Natasha
  5436 | D:4      | Killed Natasha
  5865 | D:4      | Noticed Dowan
  5886 | D:4      | Killed Dowan
  5887 | D:4      | Reached skill level 9 in Stealth
  5957 | D:4      | Noticed Natasha
  5962 | D:4      | Found a hide-covered altar of Uskayaw.
  5963 | D:4      | Killed Natasha
  6180 | D:4      | Noticed Duvessa
  6234 | D:4      | Killed Duvessa
  6235 | D:4      | Reached XP level 7. HP: 20/32 MP: 1/14
  6241 | D:4      | Learned a level 3 spell: Dazzling Flash
  6496 | D:5      | Entered Level 5 of the Dungeon
  6527 | D:4      | Noticed Natasha
  6538 | D:4      | Killed Natasha
  6576 | D:5      | Found Nezil's Elemental Accessories.
  6679 | D:5      | Reached skill level 10 in Stealth
  6920 | D:5      | Reached skill level 5 in Spellcasting
  7125 | D:5      | Reached XP level 8. HP: 37/37 MP: 13/16
  7147 | D:5      | Learned a level 1 spell: Summon Small Mammal
  7235 | D:5      | Identified the +4 quarterstaff of the Crawling Thing
                  | {vorpal, Str+2}
  7300 | D:5      | Found a runed translucent door.
  7301 | D:5      | Noticed Crazy Yiuf
  7372 | D:5      | Killed Crazy Yiuf
  7566 | D:5      | Noticed Blork the orc
  7574 | D:5      | Killed Blork the orc
  7743 | D:6      | Reached skill level 1 in Fighting
  7826 | D:6      | Reached * piety under Dithmenos
  7837 | D:6      | Reached skill level 11 in Stealth
  8019 | D:6      | Found Ozoaxeok's Jewellery Shop.
  8715 | D:6      | Reached skill level 1 in Evocations
  9169 | D:7      | Reached skill level 1 in Throwing
  9184 | D:7      | Reached skill level 1 in Conjurations
  9215 | D:7      | Reached skill level 1 in Invocations
  9480 | D:7      | Reached skill level 1 in Summonings
  9829 | D:7      | Reached XP level 9. HP: 22/42 MP: 8/19
  9834 | D:7      | Reached ** piety under Dithmenos
  9899 | D:7      | HP: 2/42 [poisoned by a killer bee]
 10244 | D:7      | Found Mowuusm's Assorted Antiques.
 11109 | D:8      | Noticed Grum
 11145 | D:7      | Reached skill level 5 in Dodging
 11718 | D:8      | Reached skill level 12 in Stealth
 11929 | D:8      | Killed Grum
 12062 | D:8      | Reached XP level 10. HP: 47/47 MP: 16/22
 12402 | D:8      | Found a staircase to the Lair.
 12561 | Lair:1   | Entered Level 1 of the Lair of Beasts
 12561 | Lair:1   | Noticed a six-headed hydra
 12561 | Lair:1   | Found a gate leading to a gauntlet.
 12586 | Lair:1   | Killed a six-headed hydra
 12861 | Lair:1   | Noticed a four-headed hydra
 12896 | Lair:1   | Killed a four-headed hydra
 12949 | Lair:1   | Learned a level 3 spell: Summon Guardian Golem
 13041 | Lair:1   | Reached *** piety under Dithmenos
 13044 | Lair:1   | Reached skill level 5 in Short Blades
 13044 | Lair:1   | Reached skill level 13 in Stealth
 13220 | Lair:1   | Reached XP level 11. HP: 35/52 MP: 8/25
 13321 | Lair:1   | Noticed an oklob plant
 13374 | Lair:1   | Splashed by an oklob plant's acid

Illustrated notes

Levels and vault maps discovered:
D:1:      dpeg_arrival_round_c, layout_basic, serial_shops,
          nicolae_shop_overgrown_old_shop, shop_fountains
D:2:      cheibrodos_pilgrimage, layout_loops_corners
D:3:      cheibrodos_thug_alley, layout_basic, serial_park_tiny_2
D:4:      layout_basic, mainiacjoe_overflow_small_starburst,
          minmay_temple_entry_grid, uniq_natasha, uniq_duvessa
D:5:      layout_rooms, serial_glass, glass_columns_a, glass_columns_a,
          chequers_serial_rivers_small_b, nicolae_elemental_shop,
          uniq_crazy_yiuf_cottage, uniq_blork_the_orc
D:6:      layout_basic, serial_shops, nicolae_lakefront_shop
D:7:      layout_basic, serial_shops, shop
D:8:      layout_rooms, grunt_lair_entry_orc_guard_hut, minivault_1, uniq_grum
Temple:   grunt_wide_crystal_templ
Lair:1:   layout_layer_cave, gauntlet_entry_generic, minmay_lair_oklob_bushes,
          grunt_megastairs_4, uniq_joseph, uniq_harold

Skill      XL: |  1  2  3  4  5  6  7  8  9 10 |
---------------+-------------------------------+-----
Stealth        | 5 6 7 8 9 10 11 12 13 | 13.5
Hexes          | 4 5 6 7 8 9 |  9.2
Spellcasting   | 3 4 5 6 7 9 |  9.3
Dodging        | 3 4 5 6 |  6.3
Short Blades   | 2 3 4 5 |  5.2
Fighting       | 1 2 3 |  3.1
Evocations     | 1 3 4 |  4.7
Throwing       | 1 2 |  2.0
Conjurations   | 1 2 |  2.0
Invocations    | 1 2 3 |  3.5
Summonings     | 1 2 |  2.0

Action                   |  1- 3 |  4- 6 |  7- 9 | 10-12 || total
-------------------------+-------+-------+-------+-------++-------
Melee: Dagger            |    48 |   223 |   273 |    33 ||   577
 Cast: Corona            |     3 |       |       |       ||     3
       Ensorcelled Hiber |    19 |    33 |    54 |    22 ||   128
       Tukima's Dance    |       |    18 |    44 |       ||    62
       Confusing Touch   |       |     5 |    25 |     2 ||    32
       Dazzling Flash    |       |       |     2 |     2 ||     4
       Summon Small Mamm |       |       |     2 |       ||     2
       Summon Guardian G |       |       |       |     2 ||     2
  Use: Potion            |       |       |     1 |       ||     1
 Stab: Sleeping          |    23 |    23 |    31 |    18 ||    95
       Distracted        |     1 |     1 |     2 |     1 ||     5
       Confused          |       |     5 |    23 |     2 ||    30
       Invisible         |       |       |     1 |     1 ||     2
Armor: Robe              |     1 |    10 |    28 |     1 ||    40
Dodge: Dodged            |    27 |   153 |   229 |    17 ||   426
